 Dungeon Crawl Stone Soup version 0.30-a0-341-g682706514a (webtiles) character file.

Game seed: 7751018527845900150

1114 sanka the Thaumaturge (level 8, -1/51 HPs)
             Began as a Djinni Summoner on Nov 4, 2022.
             Slain by an ufetubus (2 damage)
             ... on level 6 of the Dungeon.
             The game lasted 00:12:38 (5008 turns).

sanka the Thaumaturge (Djinni Summoner)             Turns: 5008, Time: 00:12:38

Health: -1/51      AC:  5    Str:  7    XL:     8   Next: 60%
Gold:   331        EV: 12    Int: 26    God:
                   SH:  0    Dex: 13

rFire   + + .      SeeInvis .    p - +0 quarterstaff
rCold   x . .      Faith    .    (shield currently unavailable)
rNeg    . . .      Spirit   .    v - +0 steam dragon scales
rPois   ∞          Reflect  .    (no helmet)
rElec   .          Harm     .    (no cloak)
rCorr   .          Rampage  .    (no gloves)
Will    .....                    (boots unavailable)
Stlth   ++........               (no amulet)
HPRegen 0.28/turn                (no ring)
MPRegen 0.00/turn                q - +6 ring of intelligence

@: flying
A: sickness immunity, fire resistance 2, cold vulnerability 1, float, innate
caster, HP casting, extra vitality 1
a: no special abilities


You were on level 6 of the Dungeon.
You visited 2 branches of the dungeon, and saw 7 of its levels.

You collected 331 gold pieces.


Innate Abilities, Weirdness & Mutations

You are immune to sickness and miasma.
You are immune to poison.
Your flesh is very heat resistant. (rF++)
You are vulnerable to cold. (rC-)
You float through the air rather than walking.
You learn spells naturally, not from books.
Your magical power is your life essence.
You have superior vitality. (+4 MHP)


   Skills:
 + Level 0.4 Fighting
 + Level 2.6 Dodging
 - Level 2.0 Stealth
 - Level 8.0 Spellcasting


You had 5 spell levels left.
You knew the following spells:

 Your Spells              Type           Power      Damage    Failure   Level
c - Call Canine Familiar  Summ           51%        N/A       1%          3
v - Beastly Appendage     Tmut           100%       N/A       1%          1
x - Call Imp              Summ           51%        N/A       1%          2
y - Wereblood             Tmut           51%        N/A       1%          2
z - Summon Small Mammal   Summ           100%       N/A       1%          1
N - Passwall              Tmut/Erth      42%        N/A       1%          2
X - Summon Lightning Spi  Summ/Air       51%        N/A       1%          4
Z - Summon Guardian Gole  Hex/Summ       51%        N/A       1%          3
Your spell library was empty.

Inventory:

Hand Weapons
 f - a +0 dagger
 p - a +0 quarterstaff (weapon)
Armour
 v - +0 steam dragon scales (worn)
Jewellery
 q - a +6 ring of intelligence (right hand)
 u - a ring of fire
Wands
 a - a wand of roots (13)
Scrolls
 b - 5 scrolls of amnesia {unknown}
 e - 10 scrolls of identify {unknown}
 i - a scroll of enchant armour {unknown}
 j - 2 scrolls of vulnerability {unknown}
 k - a scroll of poison {unknown}
 l - a scroll of torment {unknown}
 n - a scroll of teleportation {unknown}
 o - a scroll of noise {unknown}
 s - a scroll of magic mapping {unknown}
 t - a scroll of blinking {unknown}
Potions
 c - a potion of cancellation
 d - a potion of flight {unknown}
 m - 2 potions of brilliance
 r - a potion of attraction {unknown}

Dungeon Overview and Level Annotations

Branches:
Dungeon (6/15)             Temple (1/1) D:5

Altars:
Ashenzari
Elyvilon
Fedhas
Gozag
Nemelex Xobeh
Qazlal
Ru
Trog
Wu Jian
Xom
The Shining One

Shops:
D:4

* ▒.......~~~≈....
▒.......~~≈..▒.
▒▒▒▒▒▒▒P.♣~♣.▒
▒▒.......▒▒▒ ▒
▒..▒▒▒▒▒.▒ . ▒▒
▒.▒▒▒▒▒.▒ ...
▒.▒▒▒...▒▒{▒
.....▒5▒.▒▒.▒▒>▒▒▒▒▒.▒
▒.555..▒▒.59h5R....▒
▒▒▒▒▒▒.......▒▒▒▒▒▒▒
▒▒▒▒▒▒▒▒▒


You could see 2 ufetubi, a friendly guardian golem (summoned) and a friendly
wolf (summoned, sheltered).


Message History

The ufetubus hits you but does no damage.
The ufetubus hits your guardian golem but does no damage.
Your wolf closely misses the ufetubus.
The ufetubus closely misses you. The ufetubus misses you.
The ufetubus hits your guardian golem but does no damage.
The ufetubus hits your guardian golem.
Unknown command.
You completely miss the ufetubus.
The ufetubus is moderately wounded.
Your wolf misses the ufetubus. The ufetubus misses you.
The ufetubus hits you but does no damage.
The ufetubus hits your guardian golem but does no damage.
Your wolf bites the ufetubus.
The ufetubus misses you. The ufetubus closely misses you.
The ufetubus hits your guardian golem.
Your wolf bites the ufetubus but does no damage.
Unknown command.
You closely miss the ufetubus.
The ufetubus is heavily wounded.
The ufetubus hits you.
* * * LOW HITPOINT WARNING * * *
The ufetubus barely misses you.
Your wolf completely misses the ufetubus.
The ufetubus hits your guardian golem but does no damage.
The ufetubus hits your guardian golem but does no damage.
The ufetubus hits you.
You die...

Action                   |  1- 3 |  4- 6 |  7- 9 || total
-------------------------+-------+-------+-------++-------
Melee: Unarmed           |    26 |       |       ||    26
       Punch             |     1 |       |       ||     1
       Mace              |    18 |    50 |       ||    68
       Quarterstaff      |       |     8 |    50 ||    58
 Cast: Summon Small Mamm |    19 |       |       ||    19
       Call Imp          |     6 |    19 |     6 ||    31
       Beastly Appendage |     1 |       |       ||     1
       Call Canine Famil |       |     7 |    15 ||    22
       Summon Guardian G |       |       |     2 ||     2
       Summon Lightning  |       |       |     1 ||     1
  Use: Potion            |       |       |     3 ||     3
Armor: Robe              |    20 |    12 |     7 ||    39
       Steam dragon scal |       |       |    13 ||    13
Dodge: Dodged            |    36 |    50 |    58 ||   144

Levels and vault maps discovered:
D:1:      minmay_arrival_four_loops, layout_basic, nicolae_titane
D:2:      layout_basic
D:3:      layout_loops_ring, chequers_serial_rivers_marsh, nrook_loot_triangle,
          minmay_pentomino_pile
D:4:      layout_loops_corners, nicolae_elemental_shop, minmay_misc_feat_columns
D:5:      layout_cave_pools, minmay_temple_entry_crystal_x
D:6:      layout_loops_cross, serial_demonic, serial_demonic_e,
          serial_demonic_f, serial_demonic_g, serial_demonic_d,
          sigmund_edmund_badplayer
Temple:   nicolae_temple_god_jail

Notes
Turn   | Place    | Note
-------+----------+-------------------------------------------
     0 | D:1      | sanka the Djinni Summoner began the quest for the Orb.
     0 | D:1      | sanka set off with the following spells memorised: Summon
                  | Small Mammal, Call Imp, Call Canine Familiar, Summon
                  | Guardian Golem, Summon Lightning Spire.
     0 | D:1      | Reached XP level 1. HP: 15/15 MP: 0/0
   112 | D:1      | Reached XP level 2. HP: 21/21 MP: 0/0
   217 | D:1      | Reached skill level 2 in Stealth
   967 | D:2      | Reached XP level 3. HP: 24/25 MP: 0/0
   967 | D:2      | Learned a level 1 spell: Beastly Appendage
  1192 | D:2      | Reached skill level 4 in Spellcasting
  1292 | D:2      | Reached XP level 4. HP: 27/31 MP: 0/0
  2172 | D:3      | Reached XP level 5. HP: 28/35 MP: 0/0
  2172 | D:3      | Learned a level 2 spell: Passwall
  2480 | D:3      | Reached skill level 5 in Spellcasting
  2651 | D:3      | Reached XP level 6. HP: 36/40 MP: 0/0
  3118 | D:4      | Noticed an ogre
  3128 | D:4      | Killed an ogre
  3168 | D:4      | Reached XP level 7. HP: 43/45 MP: 0/0
  3168 | D:4      | Learned a level 2 spell: Wereblood
  3182 | D:4      | Identified +0 fire dragon scales
  3186 | D:4      | Reached skill level 6 in Spellcasting
  3357 | D:4      | Found Apneetaefi's Elemental Accessories.
  3946 | D:5      | Entered Level 5 of the Dungeon
  4102 | D:5      | Found a staircase to the Ecumenical Temple.
  4132 | Temple   | Entered the Ecumenical Temple
  4264 | D:5      | Reached skill level 7 in Spellcasting
  4264 | D:5      | Reached XP level 8. HP: 50/50 MP: 0/0
  4805 | D:6      | Identified +0 steam dragon scales
  4986 | D:6      | Reached skill level 8 in Spellcasting
  4998 | D:6      | HP: 3/50 [ufetubus (3)]
  4998 | D:6      | HP: 1/50 [ufetubus (2)]
  5005 | D:6      | HP: 5/51 [ufetubus (3)]
  5008 | D:6      | HP: 1/51 [ufetubus (4)]
  5008 | D:6      | Slain by an ufetubus

Vanquished Creatures
  A steam dragon (D:6)
  An orc warrior (D:6)
  A hound (D:4)
  A jelly (D:4)
  An orc priest (D:3)
  2 gnolls (D:4)
  An adder (D:4)
  A shadow imp (D:6)
  An ufetubus (D:4)
  A worm (D:2)
  2 orcs
  3 ball pythons
  An endoplasm (D:4)
  A giant cockroach (D:3)
  8 goblins
  3 hobgoblins
  2 kobolds
  2 quokkas
  3 bats
  A frilled lizard (D:3)
37 creatures vanquished.

Vanquished Creatures (collateral kills)
  3 ogres
  A howler monkey (D:5)
  A hound (D:6)
  2 orc priests
  2 iguanas
  3 orc wizards
  4 gnolls (D:4)
  8 adders
  2 shadow imps (D:6)
  2 white imps (D:6)
  3 ufetubi
  2 worms (D:3)
  A dart slug (D:4)
  16 orcs
  5 endoplasms
  3 hobgoblins
  7 jackals
  A kobold (D:3)
  4 quokkas
  A ball python (D:3)
  6 bats
  2 frilled lizards
  A goblin (D:3)
  2 rats (D:1)
82 creatures vanquished.

Grand Total: 119 creatures vanquished
